 Dungeon Crawl Stone Soup version 0.29.0-13-gc9e81de378 (webtiles) character file.

Game seed: 14710072282720803668

28 Artool the Ducker (level 3, 21/28 HPs)
             Began as a Demonspawn Gladiator on Sept 7, 2022.
             Quit the game on level 2 of the Dungeon.
             The game lasted 00:02:14 (1073 turns).

Artool the Ducker (Demonspawn Gladiator)            Turns: 1073, Time: 00:02:15

Health: 21/28      AC:  4    Str: 16    XL:     3   Next: 0%
Magic:  3/3        EV: 12    Int:  9    God:
Gold:   113        SH:  0    Dex: 14    Spells: 2/2 levels left

rFire   . . .      SeeInvis .   a - +0 flail
rCold   . . .      Faith    .   (no shield)
rNeg    . . .      Spirit   .   b - +0 leather armour
rPois   .          Reflect  .   c - +0 helmet
rElec   .          Harm     .   (no cloak)
rCorr   .          Rampage  .   (no gloves)
Will    .....                   (no boots)
Stlth   +.........              (no amulet)
HPRegen 0.09/turn               (no ring)
MPRegen 0.08/turn               (no ring)

@: no status effects
A: claws 1, powered by death 1
a: no special abilities


You were on level 2 of the Dungeon.
You visited 1 branch of the dungeon, and saw 2 of its levels.

You collected 113 gold pieces.

Inventory:

Hand Weapons
 a - a +0 flail (weapon)
Missiles
 d - 4 throwing nets (quivered)
 e - a javelin
Armour
 b - a +0 leather armour (worn)
 c - a +0 helmet (worn)
Scrolls
 i - a scroll of poison {unknown}
 j - a scroll of silence {unknown}
 k - a scroll of immolation {unknown}
Potions
 f - 2 potions of brilliance {unknown}
 g - a potion of attraction {unknown}
 h - a potion of ambrosia {unknown}


   Skills:
 + Level 2.3 Fighting
 + Level 3.0 Maces & Flails
 - Level 2.0 Throwing
 + Level 0.9 Armour
 + Level 3.0 Dodging


You had 2 spell levels left.
You didn't know any spells.
Your spell library was empty.

Dungeon Overview and Level Annotations

Branches:
Dungeon (2/15)

Altars:


Innate Abilities, Weirdness & Mutations

You have sharp fingernails.
You regenerate a little health from kills.


Message History

The bat closely misses you.
Your Maces & Flails skill increases to level 3!
You barely miss the bat.
The hobgoblin shouts!
The bat hits you but does no damage.
You hit the bat.
The bat is moderately wounded.
The bat hits you but does no damage.
You barely miss the bat.
The bat is moderately wounded.
The bat closely misses you. The hobgoblin barely misses you.
You barely miss the bat.
The bat is moderately wounded.
The bat barely misses you. The bat closely misses you.
The hobgoblin barely misses you.
You barely miss the bat.
The bat is moderately wounded.
The bat barely misses you. The hobgoblin hits you.
You closely miss the hobgoblin. The bat closely misses you.
The hobgoblin hits you.
You hit the hobgoblin.
You kill the hobgoblin!
The bat misses you.
Found a club.
The bat barely misses you.
You closely miss the bat.
The bat is moderately wounded.
The bat closely misses you. x2
You closely miss the bat.
The bat is moderately wounded.
The bat barely misses you. The bat hits you but does no damage.
You hit the bat.
You kill the bat!
You have reached level 3!
Your experience leads to an increase in your attributes!
Increase (S)trength, (I)ntelligence, or (D)exterity?
You feel stronger. x2; Your demonic ancestry asserts itself...
Your fingernails lengthen.
You see here 5 boomerangs.
Are you sure you want to abandon this character and quit the game? (Confirm with "yes".)

........[. ##..###..## #....
###.......>..........########.♣♣†
..........................♣♣..
...S.$.............###.##♣♣♣..
.......................# ♣..
.S.....#.............### P.P♣ .
.............# .....♣ ..
###....#..#...#♣.♣♣♣♣
............. ##@$......#..##
............. #...♣.♣...#.#
..............##.?....##.....
.................♣.♣.♣##.#>##
...............†........ .
.................♣.♣.♣...
....S.P..................
....#S♣.........(..♣.♣...
....<.PP###.............


There were no monsters in sight!

Vanquished Creatures
  An adder (D:1)
  3 endoplasms
  A giant cockroach (D:1)
  3 hobgoblins
  A ball python (D:1)
  3 bats
  3 goblins
  2 kobolds (D:1)
  A rat (D:2)
18 creatures vanquished.

Notes
Turn   | Place    | Note
-------+----------+-------------------------------------------
     0 | D:1      | Artool the Demonspawn Gladiator began the quest for the
                  | Orb.
     0 | D:1      | Reached XP level 1. HP: 16/16 MP: 1/1
   304 | D:1      | Gained mutation: You regenerate a little health from kills.
                  | [demonic ancestry]
   304 | D:1      | Reached XP level 2. HP: 22/22 MP: 2/2
  1069 | D:2      | Gained mutation: You have sharp fingernails. [demonic
                  | ancestry]
  1069 | D:2      | Reached XP level 3. HP: 18/28 MP: 3/3
  1073 | D:2      | Quit the game

Illustrated notes

Levels and vault maps discovered:
D:1:      lightli_arrival_isolated_outpost, layout_basic
D:2:      layout_rooms, serial_forest, infiniplex_forest_corner_2,
          infiniplex_forest_end_3, infiniplex_forest_lined_corner,
          infiniplex_forest_end_2, infiniplex_forest_split,
          infiniplex_forest_clump_tiny, infiniplex_forest_clump_small,
          infiniplex_forest_lined_3_way, infiniplex_forest_side_room

Skill      XL: |  1  2 |
---------------+-------+-----
Throwing       | 2 |  2.0
Dodging        | 3 |  3.0
Maces & Flails | 3 |  3.0
Fighting       | |  2.3
Armour         | |  0.9

Action                   || total
-------------------------++-------
Melee: Flail             ||    62
       Punch             ||     1
Armor: Leather armour    ||    31
Dodge: Dodged            ||    66
